 Dungeon Crawl Stone Soup version 0.26.1-2-gb8aa6d0cf2 (webtiles) character file.

Game seed: 16742939313485656970

182 Allula97 the Bolt Thrower (level 5, 0/40 HPs)
             Began as a Demonspawn Hunter on Feb 27, 2021.
             Slain by an ogre
             ... wielding a +0 giant club
              (16 damage)
             ... on level 4 of the Dungeon.
             The game lasted 00:05:14 (3164 turns).

Allula97 the Bolt Thrower (Demonspawn Hunter)       Turns: 3164, Time: 00:05:15

Health: 0/40       AC: 12    Str: 14    XL:     5   Next: 35%
Magic:  5/5        EV:  4    Int:  8    God:
Gold:   129        SH:  0    Dex: 13    Spells: 4/4 levels left

rFire    . . .     SeeInvis .   a - +1 hand crossbow
rCold    . . .     Faith    .   (no shield)
rNeg     . . .     Spirit   .   q - +0 plate armour
rPois    .         Reflect  .   r - +0 helmet
rElec    .         Harm     .   (no cloak)
rCorr    .         Rampage  .   (no gloves)
Will     .....                  (no boots)
Stlth    ..........             m - amulet of regeneration
HPRegen  0.53/turn              k - ring of attention (curse)
MPRegen  0.09/turn              t - -4 ring of intelligence (curse)

@: no status effects
A: rugged brown scales 1, powered by death 1
a: no special abilities


You were on level 4 of the Dungeon.
You visited 1 branch of the dungeon, and saw 4 of its levels.

You collected 129 gold pieces.

Inventory:

Hand Weapons
 a - a +1 hand crossbow (weapon)
 h - a +0 flail
Missiles
 d - 26 bolts (quivered ammo)
Armour
 q - a +0 plate armour (worn)
 r - a +0 helmet (worn)
Jewellery
 k - a cursed ring of attention (left hand)
 m - an amulet of regeneration (around neck)
 t - a cursed -4 ring of intelligence (right hand)
Scrolls
 e - 2 scrolls of enchant weapon {unknown}
 f - a scroll of fear {unknown}
 g - 3 scrolls of teleportation {unknown}
 i - a scroll of noise {unknown}
 j - a scroll of magic mapping {unknown}
 l - a scroll of fog {unknown}
 n - 2 scrolls of remove curse
 s - a scroll of enchant armour {unknown}
Potions
 b - a potion of attraction {unknown}
 c - a potion of resistance
 o - a potion of curing
 p - a potion of brilliance


   Skills:
 * Level 2.7 Fighting
 * Level 5.2 Crossbows
 * Level 1.1 Armour
 * Level 2.3 Dodging
 - Level 1.5 Stealth


You had 4 spell levels left.
You didn't know any spells.
Your spell library was empty.

Dungeon Overview and Level Annotations

Branches:
Dungeon (4/15)
 Temple: D:4-7

Altars:
Elyvilon
Vehumet

Annotations:
D:4 1 transporter, Sigmund; feorh's ghost, amateur TrBe


Innate Abilities, Weirdness & Mutations

You are partially covered in rugged brown scales. (AC +1, +3% HP)
You regenerate a little health from kills.


Message History

Found a transporter.
You feel stupid.
Oops, that ring feels deathly cold.
t - a cursed -4 ring of intelligence (right hand)
Found a leather armour and 7 javelins.
An ogre and Sigmund come into view.
The quasit gives a chilling moan.
Sigmund shouts!
The ogre shouts!
You shoot a bolt. The bolt hits the ogre.
The ogre is lightly wounded.
You shoot a bolt. The bolt hits the ogre.
The ogre is moderately wounded.
A quokka comes into view.
You shoot a bolt. The bolt hits the ogre!
The ogre is heavily wounded.
The ogre hits you with a +0 giant club!!
Ouch! That really hurt!
Sigmund points at you and mumbles some strange words.
The magic dart hits you. The ogre hits you with a +0 giant club!
You die...

....... ....... .......
.... ......( ...#
......(## (..
.[.....r### ##..#######
.......@..# #..........
.........O####........#
..........@.##........
####.©.####......[..#
#### ###.......# ...($
# ##......# ##..=# ..
#......# ...#...
#.##......# ##. ..
.5#.......#
.##..#.......#
#....#.......#


You could see Sigmund, an ogre and a quokka.

Vanquished Creatures
  2 orc priests (D:4)
  3 adders
  An ooze (D:1)
  A worm (D:2)
  4 dart slugs
  4 leopard geckos
  7 orcs
  9 bats
  3 giant cockroaches (D:2)
  4 hobgoblins
  4 jackals (D:3)
  2 quokkas (D:2)
  2 ball pythons
  2 frilled lizards
  11 goblins
  5 kobolds
  8 rats
72 creatures vanquished.

Notes
Turn   | Place    | Note
-------+----------+-------------------------------------------
     0 | D:1      | Allula97 the Demonspawn Hunter began the quest for the Orb.
     0 | D:1      | Reached XP level 1. HP: 16/16 MP: 1/1
   158 | D:1      | Reached skill level 1 in Stealth
   258 | D:1      | Gained mutation: You are partially covered in rugged brown
                  | scales. (AC +1, +3% HP) [demonic ancestry]
   258 | D:1      | Reached XP level 2. HP: 16/22 MP: 2/2
   413 | D:1      | Reached skill level 4 in Crossbows
   620 | D:1      | Reached XP level 3. HP: 27/27 MP: 3/3
  1744 | D:2      | Reached XP level 4. HP: 33/33 MP: 4/4
  2165 | D:3      | Found a radiant altar of Vehumet.
  2383 | D:3      | Found a white marble altar of Elyvilon.
  3084 | D:4      | Reached skill level 5 in Crossbows
  3084 | D:4      | Reached skill level 1 in Armour
  3084 | D:4      | Gained mutation: You regenerate a little health from kills.
                  | [demonic ancestry]
  3084 | D:4      | Reached XP level 5. HP: 40/40 MP: 5/5
  3152 | D:4      | Found a transporter.
  3158 | D:4      | Noticed Sigmund
  3158 | D:4      | Noticed an ogre
  3158 | D:4      | Noticed feorh's ghost (amateur TrBe)
  3164 | D:4      | Slain by an ogre

Illustrated notes

Levels and vault maps discovered:
D:1:      dpeg_arrival_castle, layout_basic
D:2:      layout_basic
D:3:      layout_basic, vehumet_crystals, minmay_misc_feat_roman,
          elyvilon_altar_4
D:4:      layout_basic, gammafunk_ghost_stat_death, grunt_ministairs_1,
          uniq_sigmund

Skill      XL: |  1  2  3  4 |
---------------+-------------+-----
Stealth        | 1 |  1.5
Crossbows      | 4 5 |  5.2
Dodging        | 2 |  2.3
Armour         | 1 |  1.1
Fighting       | |  2.7

Action                   |  1- 3 |  4- 6 || total
-------------------------+-------+-------++-------
 Fire: Hand crossbow     |    89 |    74 ||   163
  Use: Scroll            |       |     4 ||     4
Armor: Leather armour    |     1 |       ||     1
       Scale mail        |     9 |     1 ||    10
       Plate armour      |       |    14 ||    14
Dodge: Dodged            |    18 |     5 ||    23
